 Dungeon Crawl Stone Soup version 0.29.0-7-g18a832c13a (webtiles) character file.

Game seed: 11359431479238752748

1321 themarg the Insei (level 8, -7/61 HPs)
             Began as a Gnoll Transmuter on Aug 31, 2022.
             Was an Initiate of Gozag.
             Mangled by an ogre
             ... wielding a +0 halberd
              (28 damage)
             ... in a bailey.
             The game lasted 00:17:24 (6834 turns).

themarg the Insei (Gnoll Transmuter)                Turns: 6834, Time: 00:17:25

Health: -7/61      AC:  2    Str:  9    XL:     8   Next: 59%
Magic:  17/17      EV: 27    Int: 16    God:    Gozag
Gold:   373        SH:  0    Dex: 17    Spells: 14/19 levels left

rFire   . . .      SeeInvis .     - Unarmed
rCold   . . .      Faith    .   (shield currently unavailable)
rNeg    . . .      Spirit   .   (body armour currently unavailable)
rPois   x          Reflect  .   (helmet currently unavailable)
rElec   .          Harm     .   (cloak currently unavailable)
rCorr   .          Rampage  .   (gloves currently unavailable)
Will    .....                   (boots currently unavailable)
Stlth   +++.......              (no amulet)
HPRegen 0.20/turn               t - +4 ring of evasion
MPRegen 0.15/turn               (no ring)

@: spider-form (expiring)
A: venomous fangs, tiny, (fangs 1), strong nose, distributed training
a: End Transformation, Renounce Religion, Potion Petition, Call Merchant, Bribe
Branch


You were in a bailey.
You worshipped Gozag.
Gozag was aware of your devotion.
You were a venomous arachnid creature.
You visited 2 branches of the dungeon, and saw 8 of its levels.
You also visited: Bailey.

You collected 440 gold pieces.
You paid 67 gold pieces to Gozag.

Inventory:

Hand Weapons
 c - a +0 dagger
 i - a +0 hand axe
 o - the +8 whip of Pygauts (melded) {venom, rPois Str+3}
   (You found it on level 3 of the Dungeon)

   It poisons the flesh of those it strikes.
   Str:       It affects your strength (+3).
   rPois:     It protects you from poison.
 C - a +2 vorpal sling
Missiles
 v - 5 atropa-tipped darts
Armour
 n - the +1 robe of Doomed Awe (melded) {+Inv Dex+5}
   (You took it off a hobgoblin on level 2 of the Dungeon)

   Dex:       It affects your dexterity (+5).
   +Inv:      It lets you turn invisible.
 r - a +1 cloak of preservation (melded)
Jewellery
 t - a +4 ring of evasion (left front leg)
 u - an amulet of reflection
Wands
 k - a wand of roots (5)
 y - a wand of polymorph (7)
Scrolls
 a - a scroll of identify
 e - a scroll of poison
 g - 3 scrolls of vulnerability
 j - 3 scrolls of teleportation
 l - 2 scrolls of immolation
 D - a scroll of blinking {unknown}
 E - a scroll of magic mapping {unknown}
Potions
 b - 3 potions of lignification
 d - a potion of resistance
 f - a potion of haste {unknown}
 m - 3 potions of flight
 p - a potion of curing
 q - a potion of might
 s - 2 potions of degeneration
 z - 2 potions of attraction {unknown}
 A - a potion of mutation {unknown}
 B - a potion of cancellation {unknown}


   Skills:
 + Level 4.4 Fighting
 + Level 3.5 Short Blades
 + Level 3.5 Long Blades
 + Level 3.5 Axes
 + Level 3.5 Maces & Flails
 + Level 3.5 Polearms
 + Level 3.5 Staves
 + Level 3.5 Ranged Weapons
 + Level 3.5 Throwing
 + Level 3.5 Armour
 + Level 5.8 Dodging
 + Level 3.5 Stealth
 + Level 3.5 Shields
 + Level 7.5 Unarmed Combat
 + Level 6.2 Spellcasting
 + Level 2.9 Conjurations
 + Level 2.9 Hexes
 + Level 2.9 Summonings
 + Level 2.9 Necromancy
 + Level 2.9 Translocations
 + Level 4.8 Transmutations
 + Level 2.9 Fire Magic
 + Level 2.9 Ice Magic
 + Level 2.9 Air Magic
 + Level 2.9 Earth Magic
 + Level 2.9 Poison Magic
 + Level 3.9 Invocations
 + Level 3.5 Evocations


You had 14 spell levels left.
You knew the following spells:

 Your Spells              Type           Power      Damage    Failure   Level
b - Wereblood             Tmut           20%        N/A       10%         2
c - Spider Form           Tmut/Pois      17%        N/A       22%         3

Your spell library contained the following spells:

 Spells                   Type           Power      Damage    Failure   Level
 Beastly Appendage        Tmut           40%        N/A       8%          1
 Blink                    Tloc           28%        N/A       17%         2
 Lesser Beckoning         Tloc           14%        N/A       28%         3
 Ice Form                 Ice/Tmut       17%        N/A       47%         4
 Manifold Assault         Tloc           14%        N/A       89%         5
 Storm Form               Tmut/Air       8%         N/A       100%        7


Dungeon Overview and Level Annotations

Branches:
Dungeon (7/15)             Temple (1/1) D:5          Bailey (1/1)

Altars:
Ashenzari
Cheibriados
Dithmenos
Elyvilon
Gozag
Hepliaklqana
Makhleb
Qazlal
Sif Muna
Trog
Uskayaw
Wu Jian
Xom
Zin
The Shining One


Innate Abilities, Weirdness & Mutations

You are a venomous arachnid creature.
You have poisonous fangs.
You are tiny and dextrous.
Your spellcasting is less reliable in this form.
Your armour is entirely melded.
You are incapable of wielding weapons or throwing items.
((You have very sharp teeth.))
Your uncanny sense of smell can sniff out nearby items.
Your experience applies equally to all skills.


Message History

The ogre is heavily wounded.
You bite the ogre!
You kill the ogre!
The ogre completely misses you.
You barely miss the ogre.
The ogre is heavily wounded.
You hit the ogre but do no damage.
The ogre looks as sick as possible!
The ogre is severely wounded.
The ogre completely misses you.
You hit the ogre.
The ogre is almost dead.
You kill the ogre!
You start resting.
Your transformation is almost over.
Magic restored.
You start resting.
An ogre is nearby!
An ogre is nearby!
Casting: Spider Form (dangerous; 22% risk of failure)
Confirm with . or Enter, or press ? or * to list all spells.
You extend your transformation's duration.
The ogre shouts!
You enter the shallow water.
Moving in this stuff is going to be slow.
The ogre hits you with a +0 halberd!
You hit the ogre.
The ogre is lightly wounded.
The ogre completely misses you.
Your unstable footing causes you to fumble your attack.
Your unstable footing causes you to fumble your attack.
The ogre hits you with a +0 halberd! The ogre attacks as you move away!
The ogre closely misses you.
The ogre hits you from afar with a +0 halberd!
The ogre is distracted by your dazzling golden aura.
An ogre is nearby!
The ogre is no longer distracted by gold.
Your transformation is almost over.
The ogre hits you with a +0 halberd!!
You die...
Your body crumbles into a pile of gold.

#.........#
#.......#
#~~~~~# #~~~~~#
###~~~~~###
##...$$....##
##...........##
#....∩O..∩....#
##....s......##
##.........##
###.....###
#######


You could see an ogre.

Vanquished Creatures
  2 water moccasins
  A black bear (D:6)
  3 ogres
  A bullfrog (D:6)
  A scorpion (D:5)
  A necrophage (D:6)
  A howler monkey (D:5)
  A jelly (D:6)
  2 hounds (D:6)
  Crazy Yiuf (D:4)
  An orc priest (D:4)
  2 gnoll boudas
  An orc wizard (D:4)
  12 gnolls
  5 adders
  2 shadow imps
  An ufetubus (D:5)
  3 worms
  A dart slug (D:2)
  21 orcs
  12 endoplasms
  3 giant cockroaches
  14 goblins
  8 hobgoblins
  4 jackals (D:1)
  2 quokkas
  4 ball pythons
  7 bats
  6 frilled lizards
  6 kobolds
  5 rats
134 creatures vanquished.

Notes
Turn   | Place    | Note
-------+----------+-------------------------------------------
     0 | D:1      | themarg the Gnoll Transmuter began the quest for the Orb.
     0 | D:1      | Reached XP level 1. HP: 17/17 MP: 6/6
   171 | D:1      | Reached XP level 2. HP: 18/23 MP: 5/7
   243 | D:1      | Learned a level 2 spell: Wereblood
   774 | D:1      | Reached skill level 5 in Spellcasting
   774 | D:1      | Reached XP level 3. HP: 28/28 MP: 6/9
   802 | D:1      | Learned a level 3 spell: Spider Form
  1276 | D:2      | Reached skill level 1 in Invocations
  1283 | D:2      | Reached skill level 1 in Short Blades
  1283 | D:2      | Reached skill level 1 in Long Blades
  1283 | D:2      | Reached skill level 1 in Axes
  1283 | D:2      | Reached skill level 1 in Maces & Flails
  1283 | D:2      | Reached skill level 1 in Polearms
  1283 | D:2      | Reached skill level 1 in Staves
  1283 | D:2      | Reached skill level 1 in Ranged Weapons
  1283 | D:2      | Reached skill level 1 in Throwing
  1283 | D:2      | Reached skill level 1 in Armour
  1283 | D:2      | Reached skill level 1 in Stealth
  1283 | D:2      | Reached skill level 1 in Shields
  1283 | D:2      | Reached skill level 1 in Evocations
  1353 | D:2      | Found a faded altar of an unknown god.
  1364 | D:2      | Reached XP level 4. HP: 17/34 MP: 8/11
  1717 | D:2      | Identified the +1 robe of Doomed Awe {+Inv Dex+5}
  2262 | D:3      | Reached skill level 1 in Conjurations
  2262 | D:3      | Reached skill level 1 in Hexes
  2262 | D:3      | Reached skill level 1 in Summonings
  2262 | D:3      | Reached skill level 1 in Necromancy
  2262 | D:3      | Reached skill level 1 in Translocations
  2262 | D:3      | Reached skill level 1 in Fire Magic
  2262 | D:3      | Reached skill level 1 in Ice Magic
  2262 | D:3      | Reached skill level 1 in Air Magic
  2262 | D:3      | Reached skill level 1 in Earth Magic
  2262 | D:3      | Reached skill level 1 in Poison Magic
  2675 | D:3      | Reached XP level 5. HP: 40/40 MP: 8/12
  2972 | D:3      | Identified the +8 whip of Pygauts {venom, rPois Str+3}
  3417 | D:4      | Found a runed translucent door.
  3418 | D:4      | Noticed Crazy Yiuf
  3426 | D:4      | Killed Crazy Yiuf
  3646 | D:4      | Reached XP level 6. HP: 16/47 MP: 11/14
  4103 | D:4      | Reached skill level 5 in Dodging
  4110 | D:4      | Identified the +2 robe "Ryapraen" {Harm Rampage rC+ Dex-5}
  4274 | D:4      | Found a bloodstained altar of Trog.
  4791 | D:5      | Entered Level 5 of the Dungeon
  4934 | D:5      | Reached skill level 7 in Unarmed Combat
  4934 | D:5      | Reached XP level 7. HP: 31/52 MP: 11/15
  5125 | D:5      | Found a staircase to the Ecumenical Temple.
  5143 | Temple   | Entered the Ecumenical Temple
  5407 | Temple   | Became a worshipper of Gozag Ym Sagoz the Greedy
  5820 | D:5      | Found a burning altar of Makhleb.
  6188 | D:5      | Reached XP level 8. HP: 11/60 MP: 9/16
  6739 | D:7      | Found a flagged portal.
  6777 | Bailey   | Entered a bailey
  6834 | Bailey   | Mangled by an ogre

Illustrated notes

Levels and vault maps discovered:
D:1:      erik_arrival_orb_chamber, layout_basic
D:2:      layout_rooms, hellmonk_ecumenical_altar_blasted
D:3:      kennysheep_six_static_rooms, layout_basic
D:4:      layout_basic, mainiacjoe_overflow_alcove_1,
          hangedman_decor_diamond_cutter, uniq_crazy_yiuf_cottage
D:5:      layout_rooms, mainiacjoe_overflow_surrounded_room,
          minmay_temple_entry_mini_moons
D:6:      layout_rooms
D:7:      layout_loops_cross, serial_shops, shop, enter_bailey_5, uniq_duvessa,
          uniq_pikel
Temple:   minmay_temple_curvy_branch
Bailey:   bailey_polearm_enchanted_keep_hellmonk, bailey

Skill      XL: |  1  2  3  4  5  6  7  8 |
---------------+-------------------------+-----
Spellcasting   | 5 6 |  6.2
Invocations    | 1 2 3 |  3.9
Short Blades   | 1 2 3 |  3.5
Long Blades    | 1 2 3 |  3.5
Axes           | 1 2 3 |  3.5
Maces & Flails | 1 2 3 |  3.5
Polearms       | 1 2 3 |  3.5
Staves         | 1 2 3 |  3.5
Ranged Weapons | 1 2 3 |  3.5
Throwing       | 1 2 3 |  3.5
Armour         | 1 2 3 |  3.5
Stealth        | 1 2 3 |  3.5
Shields        | 1 2 3 |  3.5
Evocations     | 1 2 3 |  3.5
Conjurations   | 1 2 |  2.9
Hexes          | 1 2 |  2.9
Summonings     | 1 2 |  2.9
Necromancy     | 1 2 |  2.9
Translocations | 1 2 |  2.9
Fire Magic     | 1 2 |  2.9
Ice Magic      | 1 2 |  2.9
Air Magic      | 1 2 |  2.9
Earth Magic    | 1 2 |  2.9
Poison Magic   | 1 2 |  2.9
Fighting       | 3 4 |  4.4
Transmutations | 4 |  4.8
Dodging        | 5 |  5.8
Unarmed Combat | 7 |  7.5

Action                   |  1- 3 |  4- 6 |  7- 9 || total
-------------------------+-------+-------+-------++-------
Melee: Unarmed           |     7 |   118 |   109 ||   234
       Dagger            |    74 |    77 |       ||   151
       Kick              |    13 |    15 |       ||    28
       Headbutt          |    10 |     6 |       ||    16
       Bite              |     6 |     9 |       ||    15
       Punch             |     4 |     3 |       ||     7
       Whip              |       |     7 |     4 ||    11
 Cast: Beastly Appendage |    16 |    16 |       ||    32
       Wereblood         |     3 |     4 |       ||     7
       Spider Form       |       |    14 |    21 ||    35
  Use: Potion            |       |     1 |       ||     1
       Scroll            |       |     7 |     5 ||    12
 Stab: Sleeping          |     2 |     3 |     2 ||     7
Armor: Robe              |    17 |    14 |     3 ||    34
       Skin              |       |    40 |     3 ||    43
Dodge: Dodged            |    48 |   168 |   120 ||   336
